 Seeded DCSS version 0.27.0-1-g7a08968 (webtiles) character file.

Game seed: 7752666965665703046 (custom seed)

409 NeededCrab the Cudgeller (level 6, -2/48 HPs)
             Began as a Demonspawn Monk on Oct 17, 2021.
             Killed by divine providence
             ... invoked by an orc priest
              (12 damage)
             ... on level 3 of the Dungeon.
             The game lasted 00:09:58 (3159 turns).

NeededCrab the Cudgeller (Demonspawn Monk)          Turns: 3159, Time: 00:09:58

Health: -2/48      AC: 11    Str: 13    XL:     6   Next: 58%
Magic:  6/6        EV:  9    Int: 12    God:
Gold:   211        SH:  0    Dex: 15    Spells: 5/5 levels left

rFire    x . .     SeeInvis .   a - +0 mace
rCold    + + .     Faith    .   (no shield)
rNeg     . . .     Spirit   .   c - +0 ice dragon scales
rPois    .         Reflect  .   n - +0 helmet
rElec    .         Harm     .   (no cloak)
rCorr    .         Rampage  .   (no gloves)
Will     .....                  (no boots)
Stlth    ..........             e - amulet of the acrobat
HPRegen  0.16/turn              (no ring)
MPRegen  0.10/turn              (no ring)

@: no status effects
A: talons 2, ignite blood 1, spiny 1
a: no special abilities


You were on level 3 of the Dungeon.
You visited 1 branch of the dungeon, and saw 3 of its levels.

You collected 211 gold pieces.

Inventory:

Hand Weapons
 a - a +0 mace (weapon)
Armour
 c - +0 ice dragon scales (worn)
 n - a +0 helmet (worn)
Jewellery
 e - an amulet of the acrobat (around neck)
Wands
 m - a wand of polymorph (2)
Scrolls
 d - 2 scrolls of identify {unknown}
 f - a scroll of blinking {unknown}
 g - a scroll of acquirement {unknown}
 j - a scroll of enchant armour {unknown}
 l - a scroll of fog {unknown}
Potions
 b - 2 potions of curing {unknown}
 h - a potion of attraction {unknown}
 i - a potion of invisibility {unknown}
 k - a potion of mutation {unknown}


   Skills:
 + Level 4.2 Fighting
 * Level 4.8 Maces & Flails
 + Level 2.5 Armour
 - Level 2.6 Dodging
 - Level 1.7 Stealth
 + Level 2.3 Transmutations


You had 5 spell levels left.
You didn't know any spells.
Your spell library contained the following spells:

 Spells                   Type           Power      Damage    Failure   Level
 Wereblood                Tmut           5%         N/A       77%         2
 Sublimation of Blood     Necr           0%         N/A       97%         2
 Summon Hydra             Summ           0%         N/A       100%        7


Dungeon Overview and Level Annotations

Branches:
Dungeon (3/15)

Altars:

Shops:
D:1 =

Annotations:
D:2 exclusion: downstairs
D:3 Grinder


Innate Abilities, Weirdness & Mutations

You have razor-sharp toenails.
Your demonic aura sometimes causes spilled blood to erupt in flames.
You are partially covered in sharp spines.


Message History

You barely resist. The orc is struck by your spines.
You kill the orc!
You completely miss the orc priest. Your kick misses the orc priest.
The orc priest is almost dead.
The orc priest closely misses you. Grinder gestures at you.
You suddenly lose the ability to move!
The orc priest casts a cantrip, but nothing happens.
Grinder gestures at you.
You barely resist.
The orc priest hits you but does no damage. x3
Grinder blinks!
You can move again.
Unknown command.
You completely miss the orc priest.
The orc priest is severely wounded.
The orc priest hits you with a +0 short sword.
You hit the orc priest but do no damage.
You claw the orc priest, but do no damage.
The orc priest is severely wounded.
The orc priest hits you but does no damage.
The orc priest closely misses you.
The orc priest invokes the aid of Beogh against you.
Beogh smites you!
* * * LOW HITPOINT WARNING * * *
You hit Grinder. You claw Grinder, but do no damage.
Grinder is lightly wounded.
Grinder blinks!
You hit the orc priest.
The orc priest is severely wounded.
The orc priest hits you but does no damage.
You hit the orc priest but do no damage.
Your kick misses the orc priest.
The orc priest is severely wounded.
The orc priest closely misses you.
You hit the orc priest but do no damage.
The orc priest is severely wounded.
The orc priest mumbles some strange prayers to Beogh against you.
Beogh smites you!
You die...

...... ##..######.# ......#
##..## #.# .......##
###..## ###.#
........#####...## ##....
.......)....).### ##..###
...............######...##.
.........))###.............
......####o########..##...#
...... #@#...# #.......##
..... #.#...# #.#....##.
..... #.....###.#....#[#
.... ###....##.#....###
...... #..........#.... ..#
#†......#..##### ...#
#.......#..#### ....#
##†..#.###.....#
....##......# #.###.##


You could see an orc priest.

Vanquished Creatures
  Sigmund (D:3)
  An orc wizard (D:3)
  Natasha (thrice) (D:2)
  Robin (D:3)
  6 adders
  2 worms
  3 dart slugs
  5 orcs (D:3)
  2 giant cockroaches (D:3)
  9 goblins
  13 hobgoblins
  11 jackals (D:1)
  3 kobolds (D:1)
  A quokka (D:1)
  5 ball pythons
  4 bats
  2 frilled lizards (D:1)
  5 rats
77 creatures vanquished.

Notes
Turn   | Place    | Note
-------+----------+-------------------------------------------
     0 | D:1      | NeededCrab the Demonspawn Monk began the quest for the Orb.
     0 | D:1      | Reached XP level 1. HP: 18/18 MP: 1/1
   291 | D:1      | Gained mutation: You have sharp toenails. [demonic
                  | ancestry]
   291 | D:1      | Reached XP level 2. HP: 17/24 MP: 2/2
   846 | D:1      | Found Atugitev's Jewellery Boutique.
   847 | D:1      | You fall into a shaft and drop 1 floor!
   858 | D:2      | Reached skill level 1 in Armour
   858 | D:2      | Gained mutation: You are partially covered in sharp spines.
                  | [demonic ancestry]
   858 | D:2      | Reached XP level 3. HP: 28/29 MP: 3/3
  1487 | D:2      | Reached XP level 4. HP: 35/35 MP: 4/4
  1492 | D:2      | Noticed Natasha
  1501 | D:2      | Killed Natasha
  1502 | D:2      | Reached skill level 1 in Transmutations
  1936 | D:2      | Noticed Natasha
  1942 | D:2      | Killed Natasha
  2142 | D:2      | Noticed Natasha
  2232 | D:2      | Killed Natasha
  2233 | D:2      | Gained mutation: You have razor-sharp toenails. [demonic
                  | ancestry]
  2233 | D:2      | Reached XP level 5. HP: 17/42 MP: 5/5
  2572 | D:3      | Noticed Sigmund
  2678 | D:3      | Killed Sigmund
  2679 | D:3      | Gained mutation: Your demonic aura sometimes causes spilled
                  | blood to erupt in flames. [demonic ancestry]
  2679 | D:3      | Reached XP level 6. HP: 28/48 MP: 6/6
  2917 | D:3      | Noticed Robin
  2917 | D:3      | Noticed Grinder
  2966 | D:3      | Killed Robin
  3148 | D:3      | Paralysed by Grinder for 5 turns
  3159 | D:3      | Killed from afar by an orc priest

Illustrated notes

Levels and vault maps discovered:
D:1:      minmay_arrival_stone_box, layout_basic, serial_shops,
          nicolae_shop_crystal
D:2:      layout_loops_ring, uniq_natasha
D:3:      layout_rooms, lemuel_coloured_pillars_altar, minmay_cupped,
          uniq_robin, uniq_sigmund, uniq_grinder

Skill      XL: |  1  2  3  4  5 |
---------------+----------------+-----
Maces & Flails | 3 4 |  4.8
Armour         | 1 2 |  2.5
Transmutations | 1 2 |  2.3
Fighting       | 4 |  4.2
Dodging        | |  2.6
Stealth        | |  1.7

Action                   |  1- 3 |  4- 6 || total
-------------------------+-------+-------++-------
Melee: Mace              |   101 |   106 ||   207
       Kick              |    15 |    29 ||    44
       Unarmed           |       |    13 ||    13
Armor: Ice dragon scales |    51 |    40 ||    91
       Robe              |     1 |       ||     1
       Skin              |       |    12 ||    12
Dodge: Dodged            |    54 |    84 ||   138
